 Dungeon Crawl Stone Soup version 0.27-a0-1548-gf8a67e7463 (webtiles) character file.

Game seed: 10268655495598354319

2944 Majang the Cleaver (level 10, -2/77 HPs)
             Began as a Formicid Fighter on July 14, 2021.
             Was a Priest of Cheibriados.
             Slain by a seven-headed hydra (9 damage)
             ... on level 8 of the Dungeon.
             The game lasted 00:24:00 (7299 turns).

Majang the Cleaver (Formicid Fighter)               Turns: 7299, Time: 00:24:01

Health: -2/77      AC: 12    Str: 31    XL:     10   Next: 7%
Magic:  14/14      EV: 12    Int: 23    God:    Cheibriados [***...]
Gold:   169        SH: 12    Dex: 18    Spells: 9/9 levels left

rFire    . . .     SeeInvis +   E - +0 dire flail
rCold    . . .     Faith    .   c - +0 kite shield
rNeg     . . .     Spirit   .   v - +0 plate armour
rPois    .         Reflect  .   (helmet unavailable)
rElec    .         Harm     .   (no cloak)
rCorr    .         Rampage  .   (no gloves)
Will     +....                  (no boots)
Stlth    ..........             (no amulet)
HPRegen  0.22/turn              l - +6 ring of intelligence
MPRegen  0.14/turn              q - +4 ring of evasion

@: studying Axes, very slow
A: permanent stasis, dig shafts and tunnels, antennae 3, four strong arms
a: Dig, Shaft Self, Renounce Religion, Bend Time, Temporal Distortion


You were on level 8 of the Dungeon.
You worshipped Cheibriados.
Cheibriados was most pleased with you.
You visited 1 branch of the dungeon, and saw 8 of its levels.

You collected 209 gold pieces.
You spent 40 gold pieces at shops.

Inventory:

Hand Weapons
 a - a +0 war axe
 j - a +5 whip
 E - a +0 dire flail (weapon)
 H - a +3 mace
Missiles
 f - 2 boomerangs (quivered)
 o - 61 bolts
 F - 7 silver boomerangs
Armour
 c - a +0 kite shield (worn)
 v - a +0 plate armour (worn)
 C - a +2 ring mail of cold resistance
 G - a +0 chain mail
Jewellery
 l - a +6 ring of intelligence (left hand)
 q - a +4 ring of evasion (right hand)
 w - a ring of ice
 x - a ring of flight
 D - an amulet of faith
Wands
 n - a wand of charming (8)
 y - a wand of mindburst (7)
 L - a wand of flame (13)
Scrolls
 b - a scroll of noise {unknown}
 e - 2 scrolls of amnesia {unknown}
 h - 4 scrolls of teleportation {unknown}
 i - 4 scrolls of identify {unknown}
 p - 2 scrolls of vulnerability {unknown}
 r - 3 scrolls of blinking {unknown}
 s - a scroll of fear {unknown}
 A - a scroll of enchant armour {unknown}
 I - a scroll of magic mapping {unknown}
 K - a scroll of torment {unknown}
Potions
 d - a potion of might
 g - 3 potions of lignification {unknown}
 k - 2 potions of attraction
 m - 3 potions of haste {unknown}
 t - a potion of ambrosia {unknown}
 u - a potion of curing {unknown}
 z - a potion of flight {unknown}
 B - a potion of brilliance {unknown}
 J - a potion of cancellation {unknown}


   Skills:
 + Level 6.7 Fighting
 * Level 9.8 Axes
 + Level 3.7 Crossbows
 + Level 5.4 Armour
 + Level 3.2 Dodging
 + Level 6.0 Shields
 + Level 5.6 Invocations


You had 9 spell levels left.
You didn't know any spells.
Your spell library was empty.

Dungeon Overview and Level Annotations

Branches:
Dungeon (9/15)             Temple (0/1) D:5
   Lair: D:8-11         Orc: D:9-12

Altars:
Cheibriados
Gozag
Kikubaaqudgha
Nemelex Xobeh
Qazlal
Trog

Shops:
D:4 !   D:6 (

Annotations:
D:6 4 runed translucent doors


Innate Abilities, Weirdness & Mutations

You cannot be hasted, slowed, berserked, paralysed or teleported.
You can dig through walls and to a lower floor.
You have a pair of large antennae on your head. (SInv)
Your four strong arms can wield two-handed weapons with a shield.


Message History

You block the seven-headed hydra's attack.
The seven-headed hydra bites you but does no damage. x2
You block the seven-headed hydra's attack.
The seven-headed hydra misses you.
The seven-headed hydra bites you but does no damage.
You puncture the seven-headed hydra!
The seven-headed hydra is severely wounded.
The seven-headed hydra bites you!
You block the seven-headed hydra's attack.
The seven-headed hydra bites you but does no damage.
The seven-headed hydra barely misses you.
The seven-headed hydra bites you but does no damage.
You block the seven-headed hydra's attack.
The seven-headed hydra bites you.
You impale the seven-headed hydra!!
The seven-headed hydra is almost dead.
The seven-headed hydra bites you!
The seven-headed hydra bites you but does no damage.
You block the seven-headed hydra's attack.
The seven-headed hydra barely misses you.
You block the seven-headed hydra's attack. x2
The seven-headed hydra bites you but does no damage.
You barely miss the seven-headed hydra.
The seven-headed hydra is almost dead.
The seven-headed hydra closely misses you.
The seven-headed hydra barely misses you.
You block the seven-headed hydra's attack. x2
The seven-headed hydra bites you!
The seven-headed hydra bites you but does no damage.
The seven-headed hydra closely misses you.
You hit the seven-headed hydra.
The seven-headed hydra is almost dead.
The seven-headed hydra bites you. The seven-headed hydra bites you!
* * * LOW HITPOINT WARNING * * *
The seven-headed hydra bites you!
* * * LOW HITPOINT WARNING * * *
The seven-headed hydra closely misses you.
The seven-headed hydra bites you but does no damage.
The seven-headed hydra bites you!
You die...

#.#.########
......D@...#
....#.####.#
. # #.# #.#
#.# #.##
#..# ##.#
##.#


You could see a seven-headed hydra.

Vanquished Creatures
  A manticore (D:6)
  A troll (D:9)
  A vampire (D:6)
  2 water moccasins (D:6)
  2 orc warriors
  A necrophage (D:6)
  2 ogres (D:6)
  3 centaurs
  5 bullfrogs
  A gnoll sergeant (D:8)
  A wyvern zombie (D:6)
  A water moccasin zombie (D:6)
  A wyvern skeleton (D:6)
  A water moccasin skeleton (D:4)
  4 electric eels (D:9)
  5 hounds
  A jelly (D:5)
  A gnoll shaman (D:9)
  Jessica (D:3)
  An iguana (D:5)
  2 orc wizards
  3 hound skeletons
  A howler monkey zombie (D:6)
  7 gnolls
  A howler monkey skeleton (D:6)
  7 adders
  2 worms (D:3)
  A dart slug (D:2)
  7 orcs
  9 bats
  4 endoplasms
  3 giant cockroaches
  8 goblins
  8 hobgoblins
  4 jackals (D:2)
  7 kobolds
  3 quokkas
  5 ball pythons
  3 frilled lizards
  6 rats
127 creatures vanquished.

Vanquished Creatures (others)
  4 fungi (D:8)
  6 plants (D:3)
10 creatures vanquished.

Grand Total: 137 creatures vanquished

Notes
Turn   | Place    | Note
-------+----------+-------------------------------------------
     0 | D:1      | Majang the Formicid Fighter began the quest for the Orb.
     0 | D:1      | Reached XP level 1. HP: 18/18 MP: 1/1
   415 | D:1      | Reached XP level 2. HP: 24/24 MP: 2/2
  1244 | D:2      | Reached XP level 3. HP: 29/29 MP: 3/3
  1248 | D:2      | Reached skill level 3 in Axes
  1504 | D:2      | You fall into a shaft and drop 2 floors!
  1507 | D:4      | Reached XP level 4. HP: 37/37 MP: 4/4
  1555 | D:4      | Found a snail-covered altar of Cheibriados.
  1561 | D:4      | Became a worshipper of Cheibriados the Contemplative
  1666 | D:3      | Found a faded altar of an unknown god.
  2095 | D:2      | Reached * piety under Cheibriados
  2336 | D:3      | Noticed Jessica
  2339 | D:3      | Killed Jessica
  2340 | D:3      | Reached skill level 4 in Axes
  2340 | D:3      | Reached skill level 1 in Invocations
  2340 | D:3      | Reached XP level 5. HP: 42/42 MP: 5/5
  3358 | D:4      | Found a sparkling altar of Nemelex Xobeh.
  3583 | D:4      | Found a bloodstained altar of Trog.
  3595 | D:4      | Reached XP level 6. HP: 43/49 MP: 7/7
  3723 | D:4      | Found Foroskil's Distillery.
  3731 | D:4      | Bought a potion of degeneration for 10 gold pieces
  3731 | D:4      | Bought a potion of attraction for 30 gold pieces
  3893 | D:4      | Reached skill level 5 in Axes
  3954 | D:4      | Reached skill level 5 in Fighting
  3954 | D:4      | Reached XP level 7. HP: 10/56 MP: 7/9
  4513 | D:5      | Entered Level 5 of the Dungeon
  4545 | D:5      | Found a stormy altar of Qazlal.
  4602 | D:5      | Reached ** piety under Cheibriados
  4745 | D:5      | Reached skill level 6 in Axes
  4745 | D:5      | Reached skill level 1 in Crossbows
  4800 | D:5      | Found a staircase to the Ecumenical Temple.
  5203 | D:6      | Found a large runed translucent door.
  5203 | D:6      | Found a large runed translucent door.
  5210 | D:6      | Reached skill level 1 in Dodging
  5210 | D:6      | Reached XP level 8. HP: 62/62 MP: 10/10
  5210 | D:6      | Noticed a gargoyle
  5401 | D:6      | Noticed a vampire
  5403 | D:6      | Reached skill level 7 in Axes
  5416 | D:6      | Killed a vampire
  5618 | D:6      | Reached XP level 9. HP: 57/69 MP: 12/12
  5739 | D:6      | Reached skill level 8 in Axes
  5739 | D:6      | Reached skill level 5 in Shields
  5821 | D:6      | Found Jeh Orr's Weapon Shop.
  5882 | D:6      | Found a large runed translucent door.
  5882 | D:6      | Found a large runed translucent door.
  5986 | D:6      | Noticed a manticore
  5994 | D:6      | Killed a manticore
  5995 | D:6      | Reached skill level 5 in Invocations
  6202 | D:6      | Reached skill level 9 in Axes
  6202 | D:6      | Reached *** piety under Cheibriados
  6327 | D:6      | Reached skill level 5 in Armour
  6375 | D:6      | You fall into a shaft and drop 3 floors!
  6406 | D:9      | Noticed a troll
  6414 | D:9      | Killed a troll
  6716 | D:9      | Found an ancient bone altar of Kikubaaqudgha.
  6850 | D:9      | Found an opulent altar of Gozag.
  7063 | D:8      | Reached XP level 10. HP: 49/77 MP: 14/14
  7289 | D:8      | Noticed a seven-headed hydra
  7299 | D:8      | Slain by a seven-headed hydra

Illustrated notes

Levels and vault maps discovered:
D:1:      dpeg_arrival_leaves_temple_mockup, layout_loops_ring
D:2:      layout_loops_ring, amcnicky_mini_rare_corridor_liquid,
          minmay_splitting_lines
D:3:      layout_basic, ebering_ecumenical_altar_abandoned, serial_bayou_pond_c,
          hangedman_decor_points, uniq_jessica
D:4:      layout_basic, trog_three_pillars_becter, pf_just_have_faith,
          mainiacjoe_overflow_boulevard, serial_shops, shop, minmay_manual_mares
D:5:      layout_basic, nicolae_qazlal_scattered_showers,
          minmay_temple_entry_tees
D:6:      layout_cave_pools, nicolae_uskayaw_dance_studio,
          nicolae_inconvenience_store, minmay_hollow_rounded_squares,
          uniq_crazy_yiuf_cottage
D:8:      layout_loops_corners, overflow_temple_1_default, lair_entry_dummy,
          grunt_ministairs_6, kb_lookout_dungeons_type, fungi_pond_lemuel,
          minmay_diced_spiral
D:9:      layout_basic, lemuel_crystal_altar, mainiacjoe_overflow_alcove_2,
          grunt_decor_cap, minmay_increasing_density

Skill      XL: |  1  2  3  4  5  6  7  8  9 10 |
---------------+-------------------------------+-----
Axes           | 3 4 5 6 7 9 |  9.8
Fighting       | 4 5 6 |  6.7
Invocations    | 1 2 3 4 5 |  5.6
Crossbows      | 1 2 3 |  3.7
Shields        | 4 5 6 |  6.0
Dodging        | 1 2 3 |  3.2
Armour         | 4 5 |  5.4

Action                   |  1- 3 |  4- 6 |  7- 9 | 10-12 || total
-------------------------+-------+-------+-------+-------++-------
Melee: War axe           |   101 |   157 |   192 |    26 ||   476
       Dire flail        |       |       |       |     6 ||     6
Throw: Boomerang         |       |     2 |     2 |       ||     4
 Abil: Dig               |     1 |     1 |     4 |       ||     6
       Shaft Self        |       |       |     1 |       ||     1
Evoke: Wand              |       |       |     6 |     3 ||     9
  Use: Potion            |       |       |     2 |     1 ||     3
Armor: Scale mail        |    33 |    54 |    25 |       ||   112
       Ring mail         |       |       |    11 |     4 ||    15
       Plate armour      |       |       |       |    11 ||    11
Dodge: Dodged            |    23 |    91 |   102 |    12 ||   228
Block: Kite shield       |    60 |   103 |   112 |    21 ||   296

Table legend: (Time is in decaauts)
 A = Elapsed time spent in this place.
 B = Non-inter-level travel time spent in this place.
 C = Inter-level travel time spent in this place.
 D = Time resting spent in this place.
 E = Time spent auto-exploring this place.
 F = Levels seen in this place.
 G = Mean time per level.
                   A        B        C        D        E       F      G
               +--------+--------+--------+--------+--------+-----+--------+
         Total |   8843 |   8643 |    200 |   2238 |   4227 |   8 | 1105.4 |
       Dungeon |   8843 |   8643 |    200 |   2238 |   4227 |   8 | 1105.4 |
               +--------+--------+--------+--------+--------+-----+--------+

Top non-repeatable levels by time:
     D:4: 1667 daAuts
     D:3: 1514 daAuts
     D:6: 1309 daAuts
     D:1: 1282 daAuts
     D:5: 978 daAuts
     D:2: 941 daAuts
     D:9: 874 daAuts
     D:8: 276 daAuts
